 Dungeon Crawl Stone Soup version 0.23-a0-516-g0f8c245 (webtiles) character file.

4275 galech the Cleaver (level 10, -3/77 HPs)
             Began as a Demonspawn Fighter on Dec 5, 2018.
             Was a Priest of Okawaru.
             Slain by a death yak (16 damage)
             ... on level 7 of the Dungeon.
             The game lasted 00:11:22 (9767 turns).

galech the Cleaver (Demonspawn Fighter)             Turns: 9767, Time: 00:11:23

Health: -3/77      AC: 12    Str: 16    XL:     10   Next: 10%
Magic:  10/10      EV:  9    Int:  9    God:    Okawaru [***...]
Gold:   381        SH: 15    Dex: 20    Spells: 9/9 levels left

rFire    + . .     SeeInvis .   C - +4 hand axe (curse)
rCold    + + .     Gourm    .   z - +0 large shield
rNeg     . . .     Faith    .   y - +2 ring mail {rC+}
rPois    .         Spirit   .   x - +0 helmet
rElec    .         Reflect  .   q - scarf {repulsion}
rCorr    .         Harm     .   (no gloves)
MR       .....                  (no boots)
Stlth    ++........             (no amulet)
HPRegen  0.22/turn              b - ring of protection from fire
MPRegen  0.12/turn              D - +3 ring of dexterity

@: drained, repel missiles
A: thin metallic scales 2, cold resistance 1, nightstalker 1, freezing cloud
immunity
a: Heroism, Renounce Religion


You were on level 7 of the Dungeon.
You worshipped Okawaru.
Okawaru was most pleased with you.
You were not hungry.

You visited 1 branch of the dungeon, and saw 8 of its levels.

You collected 381 gold pieces.

Inventory:

Hand Weapons
 a - a +0 war axe
 C - a cursed +4 hand axe (weapon)
Armour
 q - a scarf of repulsion (worn)
 x - a +0 helmet (worn)
 y - a +2 ring mail of cold resistance (worn)
 z - a +0 large shield (worn)
 F - a +0 cloak
Jewellery
 b - a ring of protection from fire (left hand)
 D - a +3 ring of dexterity (right hand)
Wands
 w - a wand of iceblast (6)
 B - a wand of paralysis (6)
Scrolls
 c - a scroll of fear {unknown}
 e - 2 scrolls of blinking
 h - 3 scrolls of amnesia
 i - 3 scrolls of teleportation
 k - 3 scrolls of fog {unknown}
 l - 6 scrolls of remove curse
 n - 2 scrolls of magic mapping {unknown}
 o - 2 scrolls of random uselessness {unknown}
 p - 4 scrolls of identify {unknown}
 A - a scroll of immolation {unknown}
Potions
 d - 2 potions of heal wounds {unknown}
 g - a potion of haste {unknown}
 j - a potion of curing
 m - 2 potions of flight {unknown}
 r - a potion of brilliance {unknown}
 s - a potion of berserk rage {unknown}
 t - a potion of lignification {unknown}
 u - a potion of agility {unknown}
 v - 2 potions of invisibility
Comestibles
 f - 18 rations


   Skills:
 + Level 6.3(5.4) Fighting
 + Level 8.4(7.5) Axes
 + Level 5.7(4.8) Armour
 + Level 3.8(3.0) Dodging
 + Level 2.0(1.2) Stealth
 + Level 6.9(6.0) Shields
 + Level 0.6(0.0) Invocations


You had 9 spell levels left.
You didn't know any spells.
Your spell library contained the following spells:

 Spells                   Type           Power        Failure   Level  Hunger
 Corpse Rot               Necr           N/A          100%        2    ###....
 Sublimation of Blood     Necr           #.........   100%        2    ###....
 Agony                    Necr           #.......     100%        5    ######.
 Bolt of Draining         Conj/Necr      #.........   100%        5    ######.
 Dispel Undead            Necr           #.......     100%        5    ######.
 Excruciating Wounds      Chrm/Necr      #.........   100%        5    ######.


Dungeon Overview and Level Annotations

Branches:
Dungeon (8/15)             Temple (0/1) D:6            Lair (0/6) D:8

Altars:
Ashenzari
Cheibriados
Dithmenos
Fedhas
Nemelex Xobeh
Okawaru
Ru
Sif Muna
Trog
Vehumet
Xom
Yredelemnul
Zin
The Shining One

Annotations:
D:7 3 runed doors, Vidiiot's ghost, amateur DsGl


Innate Abilities, Weirdness & Mutations

You are mostly covered in thin metallic scales. (AC +3)
Your flesh is cold resistant. (rC+)
You are slightly more attuned to the shadows.
You are immune to freezing clouds.


Message History

The death yak gores you.
* * * LOW HITPOINT WARNING * * *
You hit the death yak but do no damage.
The death yak is heavily wounded.
The death yak barely misses you.
You hit the death yak.
The death yak is heavily wounded.
The death yak gores you.
* * * LOW HITPOINT WARNING * * *
You hit the death yak.
The death yak is heavily wounded.
The death yak gores you.
* * * LOW HITPOINT WARNING * * *
You hit the death yak.
The death yak is heavily wounded.
The death yak gores you but does no damage.
You hit the death yak.
The death yak is heavily wounded.
The death yak gores you!
You die...

##....#.#........#
##.......#......#
######.##......# #.........#
####......# #......###########
#..........#.....##
###########.................##
................@............#
########.........Y.........>)#
######....####...............#
.......#.## #...............#
.####)...# #)......).......#
#####.###### #.......)....<..#
...........####............(##
####..........##.....#)..รท.##
..##....#####...######.#####


You could see a death yak.

Vanquished Creatures
  3 hogs (D:7)
  A yak (D:7)
  A hungry ghost (D:2)
  A human (D:7)
  Edmund (D:4)
  An orc warrior (D:7)
  5 ice beasts
  An ogre (D:5)
  2 phantoms
  A sky beast (D:5)
  3 black bears
  A gnoll sergeant (D:6)
  4 scorpions
  15 wights
  6 crimson imps
  2 quasits
  4 orc priests
  9 orc wizards
  A centaur skeleton (D:5)
  2 hounds (D:5)
  2 iguanas
  Ijyb (D:4)
  4 worker ants
  A hound skeleton (D:4)
  A worker ant zombie (D:6)
  15 adders
  5 gnolls (D:6)
  2 howler monkey skeletons (D:7)
  2 adder skeletons
  5 worms
  A dart slug (D:2)
  8 leopard geckos
  33 orcs
  12 giant cockroaches
  8 goblins
  8 hobgoblins
  8 kobolds
  4 quokkas
  11 bats
  4 frilled lizards
  A quokka skeleton (D:4)
  12 rats
212 creatures vanquished.

Notes
Turn   | Place    | Note
-------+----------+-------------------------------------------
     0 | D:1      | galech the Demonspawn Fighter began the quest for the Orb.
     0 | D:1      | Reached XP level 1. HP: 18/18 MP: 1/1
   162 | D:1      | Gained mutation: Your flesh is cold resistant. (rC+)
                  | [demonic ancestry]
   162 | D:1      | Reached XP level 2. HP: 21/24 MP: 2/2
   344 | D:1      | Reached skill level 2 in Axes
   888 | D:2      | Gained mutation: You are immune to freezing clouds.
                  | [demonic ancestry]
   888 | D:2      | Reached XP level 3. HP: 9/29 MP: 3/3
  1179 | D:2      | Noticed a hungry ghost
  1180 | D:2      | Found a radiant altar of Vehumet.
  1184 | D:2      | Found a transporter.
  1387 | D:2      | Found a glowing golden altar of the Shining One.
  1389 | D:2      | Noticed an angel
  1405 | D:2      | Found a basalt altar of Yredelemnul.
  1449 | D:2      | Found a blossoming altar of Fedhas.
  1451 | D:2      | Found a snail-covered altar of Cheibriados.
  1651 | D:2      | Noticed an ice beast
  1658 | D:2      | Killed an ice beast
  1658 | D:2      | Reached skill level 3 in Axes
  1658 | D:2      | Gained mutation: You are partially covered in thin metallic
                  | scales. (AC +2) [demonic ancestry]
  1658 | D:2      | Reached XP level 4. HP: 36/36 MP: 4/4
  1658 | D:2      | Reached XP level 5. HP: 41/41 MP: 5/5
  1884 | D:2      | Found a transporter.
  2102 | D:2      | Found a deep blue altar of Sif Muna.
  2390 | D:3      | Found a shimmering altar of Xom.
  2394 | D:3      | Noticed an angel
  2398 | D:3      | Found a glowing silver altar of Zin.
  2479 | D:3      | Reached skill level 1 in Dodging
  2501 | D:3      | Reached XP level 6. HP: 47/48 MP: 6/6
  2770 | D:3      | Found a shattered altar of Ashenzari.
  3601 | D:4      | Reached skill level 4 in Axes
  3788 | D:4      | Found a sacrificial altar of Ru.
  3853 | D:4      | Gained mutation: You are mostly covered in thin metallic
                  | scales. (AC +3) [demonic ancestry]
  3853 | D:4      | Reached XP level 7. HP: 45/55 MP: 7/7
  3902 | D:4      | Noticed Ijyb
  3929 | D:4      | Killed Ijyb
  3929 | D:4      | Reached skill level 1 in Stealth
  3953 | D:4      | Noticed Edmund
  3982 | D:4      | Killed Edmund
  4287 | D:5      | Entered Level 5 of the Dungeon
  4306 | D:5      | Found an iron altar of Okawaru.
  4316 | D:5      | Became a worshipper of Warmaster Okawaru
  4475 | D:5      | Reached skill level 5 in Axes
  4912 | D:5      | Gained mutation: You are slightly more attuned to the
                  | shadows. [demonic ancestry]
  4912 | D:5      | Reached XP level 8. HP: 48/61 MP: 8/8
  5203 | D:5      | Reached skill level 5 in Fighting
  5203 | D:5      | Reached skill level 5 in Shields
  5323 | D:5      | Reached * piety under Okawaru
  5958 | D:6      | Reached skill level 6 in Axes
  6579 | D:6      | Found a staircase to the Ecumenical Temple.
  7046 | D:7      | Found a shadowy altar of Dithmenos.
  7079 | D:7      | Reached ** piety under Okawaru
  7094 | D:7      | Reached XP level 9. HP: 46/68 MP: 9/9
  7286 | D:7      | Noticed Vidiiot's ghost (amateur DsGl)
  7312 | D:7      | Found a runed gate.
  7312 | D:7      | Found a runed gate.
  7312 | D:7      | Found a runed gate.
  7445 | D:7      | Reached skill level 7 in Axes
  7445 | D:7      | Reached skill level 5 in Armour
  8020 | D:7      | Found a sparkling altar of Nemelex Xobeh.
  8651 | D:2      | Reached skill level 8 in Axes
  8820 | D:8      | Reached *** piety under Okawaru
  9062 | D:8      | Found a bloodstained altar of Trog.
  9134 | D:8      | Reached XP level 10. HP: 61/76 MP: 10/10
  9514 | D:8      | Noticed a death yak
  9518 | D:8      | Noticed a death yak
  9520 | D:8      | Noticed a death yak
  9727 | D:8      | Found a staircase to the Lair.
  9767 | D:7      | Slain by a death yak

Vault maps used:
D:1:      dpeg_arrival_boxes_within_box, kennysheep_another_room,
          minmay_misc_feat_more_columns, st_stairs_11
D:2:      grunt_temple_overflow_holy_war, gammafunk_temple_overflow_arena,
          led_sif_pool, grunt_temple_overflow_open, first_ration,
          serial_corexii_hall, corexii_hall_statues_i,
          corexii_hall_statues_deadend
D:3:      grunt_temple_overflow_order_and_chaos_1, marbit_many_paths,
          minmay_ruptured
D:4:      nicolae_ru_great_annihilating_truth, minmay_misc_feat_rows,
          uniq_edmund, uniq_ijyb
D:5:      old_standard_altar
D:6:      lemuel_ice_spiral_2, minmay_temple_entry_statues_fountains,
          grunt_decor_mini_mirrors
D:7:      nemelex_altar_shiori, gammafunk_ghost_icy, grunt_livestock,
          minmay_ruined_shrine
D:8:      trog_ov_bears_minmay, dpeg_lair_monsters

Skill      XL: |  1  2  3  4  5  6  7  8  9 10 |
---------------+-------------------------------+-----
Axes           | 2 3 4 5 6 8 |  8.4
Armour         | 3 4 5 |  5.7
Shields        | 3 4 5 6 |  6.9
Fighting       | 4 5 6 |  6.3
Dodging        | 1 2 3 |  3.8
Stealth        | 1 2 |  2.0
Invocations    | |  0.6

Action                   |  1- 3 |  4- 6 |  7- 9 | 10-12 || total
-------------------------+-------+-------+-------+-------++-------
Melee: War axe           |   117 |   293 |   473 |       ||   883
       Hand axe          |       |     4 |    78 |    80 ||   162
Invok: Heroism           |       |       |     4 |     2 ||     6
  Use: Potion            |     1 |     1 |     3 |       ||     5
       Scroll            |       |     5 |       |     1 ||     6
 Stab: Paralysed         |       |     2 |       |       ||     2
       Sleeping          |       |       |     1 |     2 ||     3
       Distracted        |       |       |       |     1 ||     1
  Eat: Chunk             |     3 |     7 |    11 |     2 ||    23
       Ration            |       |       |     3 |       ||     3
Armor: Scale mail        |    48 |   147 |       |       ||   195
       Chain mail        |       |    62 |    28 |       ||    90
       Ring mail         |       |       |   209 |    20 ||   229
Dodge: Dodged            |    29 |   114 |   119 |     8 ||   270
Block: Shield            |    52 |   166 |    36 |       ||   254
       Large shield      |       |       |   376 |    27 ||   403

Table legend:
 A = Non-vault XP
 B = Vault XP
 C = Vault XP percentage of total XP
 D = Non-vault monster count
 E = Vault monster count
 F = Vault count percentage of total count
                 A         B        C        D         E       F
            +---------+---------+-------+---------+---------+-------
      Total |    3971 |    2137 |  35.0 |     180 |      32 |  15.1
            +---------+---------+-------+---------+---------+-------
        D:1 |      18 |       7 |  28.0 |      12 |       4 |  25.0
        D:2 |     198 |     257 |  56.5 |      24 |       2 |   7.7
        D:3 |     180 |       7 |   3.7 |      34 |       4 |  10.5
        D:4 |     357 |     254 |  41.6 |      32 |       6 |  15.8
        D:5 |     921 |       0 |   0.0 |      17 |       0 |   0.0
        D:6 |     328 |       0 |   0.0 |      15 |       0 |   0.0
        D:7 |     945 |    1350 |  58.8 |      25 |      12 |  32.4
        D:8 |    1024 |     262 |  20.4 |      21 |       4 |  16.0
            +---------+---------+-------+---------+---------+-------
